 Dungeon Crawl Stone Soup version 0.31-a0-232-gb1c03b2570 (webtiles) character file.

Game seed: 12035649083694349168

184 qw the Shooter (level 5, -4/45 HPs)
             Began as a Minotaur Hexslinger on July 7, 2023.
             Slain by an ogre
             ... wielding a +0 giant spiked club
              (20 damage)
             ... on level 4 of the Dungeon.
             The game lasted 00:01:10 (3107 turns).

qw the Shooter (Minotaur Hexslinger)                Turns: 3107, Time: 00:01:10

Health: -4/45      AC:  6    Str: 13    XL:     5   Next: 36%
Magic:  5/5        EV: 11    Int: 10    God:
Gold:   259        SH:  0    Dex: 14    Spells: 5/6 levels left

rFire   . . .        Y - +1 sling
rCold   . . .        (no shield)
rNeg    . . .        g - +0 ring mail
rPois   .            (helmet restricted)
rElec   .            (no cloak)
rCorr   .            (no gloves)
SInv    .            d - +0 pair of boots
Will    .....        (no amulet)
Stlth   +            (no ring)
HPRegen 0.27/turn    (no ring)
MPRegen 0.09/turn

%: no passive effects
@: no status effects
A: horns 2, retaliatory headbutt
a: no special abilities


You were on level 4 of the Dungeon.
You visited 1 branch of the dungeon, and saw 4 of its levels.

You collected 259 gold pieces.


Innate Abilities, Weirdness & Mutations

You have a pair of horns on your head.
You reflexively headbutt those who attack you in melee.


   Skills:
 - Level 3.0 Fighting
 + Level 5.5 Ranged Weapons
 - Level 1.1 Armour
 - Level 2.1 Dodging
 - Level 1.0 Spellcasting
 - Level 2.0 Hexes


You had 5 spell levels left.
You knew the following spells:

 Your Spells              Type           Power      Damage    Failure   Level
a - Slow                  Hex            16%        N/A       32%         1

Your spell library contained the following spells:

 Spells                   Type           Power      Damage    Failure   Level
 Inner Flame              Hex/Fire       2%         N/A       82%         3
 Portal Projectile        Hex/Tloc       4%         N/A       82%         3
 Cause Fear               Hex            2%         N/A       97%         4

Inventory:

Hand Weapons
 Y - a +1 sling (weapon)
Armour
 d - a +0 pair of boots (worn)
 g - a +0 ring mail (worn)
Scrolls
 c - 2 scrolls of teleportation
Potions
 a - a potion of attraction {unknown}
 b - a potion of berserk rage {unknown}
 e - a potion of curing {unknown}
 f - 2 potions of haste {unknown}

Dungeon Overview and Level Annotations

Branches:
Dungeon (4/15)
 Temple: D:4-7

Altars:
Cheibriados
Dithmenos
Hepliaklqana

Annotations:
D:3 2 transporters, qw's ghost, amateur GrHs
D:4 Edmund; Grinder


Message History

Grinder gestures at you. You resist with significant effort.
Edmund the Younger comes into view.
He is wielding a +1 flail of holy wrath.
You shoot a sling bullet.
The sling bullet hits Grinder but does no damage.
Grinder is lightly wounded.
Grinder says, "There's only one good use for a tongue: cutting it out."
Grinder gestures at you.
You suddenly lose the ability to move!
Grinder blinks!
Grinder gestures at you. You resist with significant effort.
Grinder blinks!
You can move again.
You shoot a sling bullet. The sling bullet hits the ogre!
The ogre is moderately wounded.
You shoot a sling bullet. The sling bullet hits the ogre.
The ogre is moderately wounded.
The ogre closely misses you.
You shoot a sling bullet. The sling bullet hits the ogre!
The ogre is heavily wounded.
The ogre hits you with a +0 giant spiked club!!
You shoot a sling bullet.
The sling bullet barely misses the ogre.
The sling bullet hits Edmund but does no damage.
The ogre completely misses you.
You shoot a sling bullet. The sling bullet hits the ogre.
The ogre is heavily wounded.
Grinder blinks!
The ogre barely misses you.
You shoot a sling bullet. The sling bullet hits the ogre.
The ogre is heavily wounded.
The ogre hits you with a +0 giant spiked club!
You shoot a sling bullet. The sling bullet hits the ogre.
The ogre is severely wounded.
You shoot a sling bullet.
The sling bullet barely misses the ogre.
The sling bullet hits Edmund.
Edmund is lightly wounded.
The ogre hits you with a +0 giant spiked club!!
You die...

#.#.# .#.# ###.#.###
.....$... #....5.. ..#.#.#
#.#.##@# #.#.#.#.# #..
#.#.##O# #.#.#.#.# #..
###.#.#.@# #.#.#.#.# #..
#......#.###.#.#.#.# #..
####.#.#.###........#.####..
#.......## ##...........##..
####.#.#.###.##.......#.##..
.........#..####.##.#..##..
.................###.#.....
#.#########.###### ###..##.
# #.# #..##.


You could see Edmund, Grinder and an ogre.

Vanquished Creatures
  A hound (D:4)
  9 adders
  2 worms
  3 dart slugs
  6 orcs
  7 ball pythons
  3 bats
  3 endoplasms
  5 goblins
  3 hobgoblins
  3 quokkas
  2 frilled lizards
  6 kobolds
  12 rats
65 creatures vanquished.

Notes
Turn   | Place    | Note
-------+----------+-------------------------------------------
     0 | D:1      | qw the Minotaur Hexslinger began the quest for the Orb.
     0 | D:1      | Reached XP level 1. HP: 16/16 MP: 1/1
     0 | D:1      | 0 ||| qw: Version: 0.3-a-46-gb1f654a
     0 | D:1      | 0 ||| qw: Game counter: 2577
     0 | D:1      | 0 ||| qw: Melee chars always use a shield: true
     0 | D:1      | 0 ||| qw: God list: Okawaru
     0 | D:1      | 0 ||| qw: Allow faded altars: false
     0 | D:1      | 0 ||| qw: Do Orc after clearing Dungeon:15 true
     0 | D:1      | 0 ||| qw: Do second Lair branch before Depths: true
     0 | D:1      | 0 ||| qw: Lair rune preference: random
     0 | D:1      | 0 ||| qw: Goals: Normal
     0 | D:1      | 0 ||| PLANNING D:1-11
   231 | D:1      | Reached skill level 3 in Ranged Weapons
   283 | D:1      | Reached XP level 2. HP: 23/23 MP: 2/2
   935 | D:1      | 935 ||| UPGRADING to +0 pair of boots.
   940 | D:1      | 940 ||| UPGRADING to +0 ring mail.
   950 | D:1      | 950 ||| DROPPING +0 robe.
   951 | D:1      | 951 ||| DROPPING ring of flight.
   952 | D:1      | 952 ||| READING scroll labelled JACRIKA RAMOT.
   953 | D:1      | 953 ||| READING scroll labelled BUOZYQ SIWNOU.
   958 | D:1      | 958 ||| DROPPING scroll of poison.
  1047 | D:2      | Reached XP level 3. HP: 26/29 MP: 3/3
  1181 | D:2      | Identified the +0 ring mail of Divine Mirth {rN+ Str-3
                  | Int+3}
  1296 | D:2      | Reached skill level 4 in Ranged Weapons
  1311 | D:2      | Reached skill level 1 in Armour
  1785 | D:2      | 1785 ||| DROPPING +0 ring mail of Divine Mirth {rN+ Str-3
                  | Int+3}.
  1786 | D:2      | 1786 ||| READING scroll labelled AGAVEZ JAIME.
  1787 | D:2      | 1787 ||| READING scroll labelled DATOFFUSAE.
  1797 | D:3      | Noticed qw's ghost (amateur GrHs)
  1797 | D:3      | Found a transporter.
  1797 | D:3      | Found a transporter.
  1807 | D:3      | Reached XP level 4. HP: 36/36 MP: 4/4
  1827 | D:3      | Found a snail-covered altar of Cheibriados.
  2181 | D:3      | Found a hazy altar of Hepliaklqana.
  2185 | D:3      | Reached skill level 5 in Ranged Weapons
  2596 | D:3      | Found a shadowy altar of Dithmenos.
  2672 | D:3      | Reached XP level 5. HP: 37/44 MP: 5/5
  2673 | D:3      | Reached skill level 3 in Fighting
  2891 | D:3      | 2891 ||| READING 2 scrolls labelled LUOLEM ETOI.
  2892 | D:3      | 2892 ||| DROPPING scroll of immolation.
  3092 | D:4      | Noticed Grinder
  3094 | D:4      | Noticed an ogre
  3095 | D:4      | Noticed Edmund
  3096 | D:4      | Paralysed by Grinder for 4 turns
  3107 | D:4      | Slain by an ogre

Levels and vault maps discovered:
D:1:      mrwooster_arrival_statue_3, layout_loops_corners,
          minmay_misc_feat_secret_circle, glass_columns_b,
          nicolae_figureground_pulse
D:2:      layout_loops_ring, guppyfry_early_lair_pool
D:3:      layout_basic, nicolae_dithmenos_through_a_glass_darkly,
          old_standard_altar, mainiacjoe_overflow_alcove_1,
          gammafunk_ghost_arena
D:4:      cheibrodos_helix_gallery, layout_loops_ring,
          minmay_temple_entry_nine_rooms, dk_noncrumbling_3,
          lightli_corner_chamber, uniq_edmund, uniq_grinder

Skill      XL: |  1  2  3  4  5 |
---------------+----------------+-----
Ranged Weapons | 3 4 5 |  5.5
Fighting       | 2 3 |  3.0
Armour         | 1 |  1.1
Dodging        | |  2.1
Spellcasting   | |  1.0
Hexes          | |  2.0

Action                     |  1- 3 |  4- 6 || total
---------------------------+-------+-------++-------
   Fire: Sling             |   114 |   169 ||   283
    Use: Scroll            |     4 |     1 ||     5
 Armour: Robe              |     4 |       ||     4
         Ring mail         |    24 |    36 ||    60
  Dodge: Dodged            |    39 |    70 ||   109

Table legend:
 A = Non-vault XP
 B = Vault XP
 C = Vault XP percentage of total XP
 D = Non-vault monster count
 E = Vault monster count
 F = Vault count percentage of total count
                 A         B        C        D         E       F
            +---------+---------+-------+---------+---------+-------
      Total |     260 |       4 |   1.5 |      63 |       2 |   3.1
            +---------+---------+-------+---------+---------+-------
        D:1 |      25 |       0 |   0.0 |      17 |       0 |   0.0
        D:2 |      69 |       0 |   0.0 |      14 |       0 |   0.0
        D:3 |     112 |       0 |   0.0 |      27 |       0 |   0.0
        D:4 |      54 |       4 |   6.9 |       5 |       2 |  28.6
            +---------+---------+-------+---------+---------+-------
